[Event "*** Titled Tuesday Blitz"]
[Site "Chess.com"]
[Date "2021.03.09"]
[Round "6"]
[White "A-S-00"]
[Black "TST2014"]
[Result "0-1"]
[WhiteElo "2392"]
[BlackElo "2609"]
[TimeControl "180+1"]
[EndTime "11:11:32 PST"]
[Termination "TST2014 won by resignation"]

1. d4 Nf6 2. c4 c5 3. d5 b5 4.
cxb5 a6 5. bxa6 Bxa6 6. Nc3 g6 7. g3 Bg7 8. Bg2 d6 9. Nf3 O-O 10. h3 Nbd7 11. O-O Ne8 12. Qc2 Nc7 13. Rd1 Nb5 14.
Nxb5 Bxb5 15. Bd2 Bxe2 16. Re1 Bb5 17. Bc3 Nf6 18. Red1 Qb6 19. b3 Rfb8 20. a4 Ba6 21. Ra3 Bb7 22. Ne1 Ra6 23. Qa2 Qa7 24. Nc2 Qa8 25.
Ne3 Bh6 26. Bxf6 exf6 27. Nc4 Re8 28. Qb2 Bg7 29. Qc3 f5 30. Qd3 h5 31. Bf3 h4 32. Kg2 hxg3 33. fxg3 Qd8 34. Ra2 Qg5 35. Re2 Rf8 36. Rde1 f4 37. g4 Qh4 38. Kh2 Qg3+ 39.
Kh1 Qxh3+ 40. Rh2 Qg3 41. Rg1 Raa8 42. Rxg3 fxg3 43. Rg2 Ba6 44. Rxg3 Rae8 45. Kg2 Re1 46. Kf2 Rfe8 47. Rg2 Bd4+ 48. Kg3 R1e3 49. Qc2 Rc3 50.
Qd2 Bxc4 51. b4 Ree3 52. Rf2 Red3 53. Qe2 Bxf2+ 54. Kxf2 Rxf3+ 55. Qxf3 Rxf3+ 56. Kxf3 cxb4 57. a5 b3 0-1

[Event "*** Titled Tuesday Blitz"]
[Site "Chess.com"]
[Date "2021.03.09"]
[Round "6"]
[White "GM_LOADING"]
[Black "samidescalona2002"]
[Result "1-0"]
[WhiteElo "2549"]
[BlackElo "2296"]
[TimeControl "180+1"]
[EndTime "11:11:33 PST"]
[Termination "GM_LOADING won on time"]

1. d4 g6 2. Nf3 Bg7 3. Bg5 d6 4. c3 Nf6 5. Nbd2 h6 6. Bh4 g5 7. Bg3 Nh5 8. e4 e6 9. Bd3 a6 10. Nc4 b5 11. Ne3 Bb7 12. a4 Nxg3 13. hxg3 bxa4 14.
Rxa4 Nd7 15. O-O O-O 16. Ra1 c5 17. d5 Qe7 18. Bc4 Nb6 19. Qd3 Nxc4 20. Nxc4 exd5 21.
exd5 Qc7 22. Na5 Bc8 23. Nd2 Bd7 24. Rfe1 Bb5 25. Qf3 Rfe8 26. Nc6 Bxc6 27. dxc6 d5 28. Rxe8+ Rxe8 29. Rxa6 Rd8 30. Nb3 Bf8 31. Na5 Kg7 32. Nb7 Re8 33. Qxd5 Re1+ 34. Kh2 g4 35. Nd8 Bd6 36.
Ra8 Qe7 37. Qh5 f5 38. c7 Bxc7 39. Nc6 Qf7 40. Qxf7+ Kxf7 41. Ra7 Rb1 42. Rxc7+ Ke6 43. Rb7 Kd6 44. Ne7 Ke5 45. b4 cxb4 46. cxb4 Rb2 47. Ng6+ Ke6 48. Nf4+ Kd6 49. b5 Rxf2 50. Rh7 Rb2 51.
Rxh6+ Ke5 52. b6 1-0

[Event "*** Titled Tuesday Blitz"]
[Site "Chess.com"]
[Date "2021.03.09"]
[Round "6"]
[White "Deepweb2020"]
[Black "AniJak"]
[Result "1-0"]
[WhiteElo "2471"]
[BlackElo "2318"]
[TimeControl "180+1"]
[EndTime "11:11:33 PST"]
[Termination "Deepweb2020 won on time"]

1. d4 d5 2. c4 c6 3. cxd5 cxd5 4. Nc3 Nc6 5. Bf4 a6 6. e3 Nf6 7. Rc1 g6 8. h3 Bg7 9. Bd3 O-O 10. Nf3 Bf5 11.
g4 Bxd3 12. Qxd3 Rc8 13. O-O b5 14. Nd2 e6 15. Nb3 Nd7 16. a3 Nb6 17. Nc5 b4 18. axb4 Nxb4 19. Qe2 Nd7 20. Nxa6 Qa5 21. Bd6 Nxa6 22.
Bxf8 Bxf8 23. Ra1 Qb4 24. Rxa6 Rb8 25. Ra7 Nf6 26. Raa1 Qxb2 27. Qxb2 Rxb2 28. Rab1 Rc2 29. Rfc1 Rd2 30. Kf1 Ba3 31. Rd1 Rc2 32. Nb5 Be7 33. Rdc1 Ra2 34. Nc3 Ra3 35. Nb5 Ra2 36. Nc3 Ra3 37.
Rb7 Bf8 38. Nb5 Ra2 39. Nc3 Ra3 40. Ke2 Kg7 41. Kd3 Ne4 42. Rc2 Nd6 43. Rb1 Nc4 44.
Ke2 h5 45. Nb5 1-0

[Event "*** Titled Tuesday Blitz"]
[Site "Chess.com"]
[Date "2021.03.09"]
[Round "6"]
[White "witcher8"]
[Black "Eloist"]
[Result "1/2-1/2"]
[WhiteElo "2457"]
[BlackElo "2324"]
[TimeControl "180+1"]
[EndTime "11:11:33 PST"]
[Termination "Game drawn by repetition"]

1. e4 e6 2. d4 d5 3. Nc3 Nf6 4.
e5 Nfd7 5. f4 c5 6. Nf3 Nc6 7.
Be3 a6 8. Qd2 b5 9. dxc5 Bxc5 10. Bd3 Qb6 11. Bf2 Bxf2+ 12. Qxf2 Nc5 13. O-O b4 14.
Ne2 a5 15. Rfc1 Ba6 16. a3 bxa3 17. bxa3 Rb8 18. Bxa6 Nxa6 19. Qxb6 Rxb6 20. Rab1 Rb8 21. Ned4 Kd7 22. Nb5 f6 23. c4 fxe5 24. fxe5 dxc4 25. Rxc4 Ne7 26. Rd1+ Nd5 27. Nc3 Nc7 28. Nxd5 Nxd5 29. Rc5 Rb2 30. Rxa5 Rc8 31. Ra7+ Rc7 32. Rxc7+ Kxc7 33. Ng5 Kd7 34. Nxh7 Re2 35. Nf8+ Ke7 36. Ng6+ Kf7 37.
Nh4 Ra2 38. Rd3 g5 39. Nf3 g4 40. Nd2 Kg6 41. g3 Kf5 42. Nc4 Rc2 43. Ne3+ Nxe3 44. Rxe3 Ra2 45. Kf1 Rxh2 46. Ke1 Ra2 47. Kd1 Kg5 48.
Kc1 Kf5 49. Kb1 Rf2 50. Kc1 Ra2 51. Kd1 Rf2 52. Kc1 Ra2 1/2-1/2

[Event "*** Titled Tuesday Blitz"]
[Site "Chess.com"]
[Date "2021.03.09"]
[Round "6"]
[White "canary2016"]
[Black "norwaytoadog"]
[Result "1-0"]
[WhiteElo "2058"]
[BlackElo "2190"]
[TimeControl "180+1"]
[EndTime "11:11:33 PST"]
[Termination "canary2016 won on time"]

1. d4 Nf6 2. c4 e6 3. Nf3 Bb4+ 4. Nc3 Bxc3+ 5. bxc3 d6 6. g3 b6 7. Bg2 Bb7 8. O-O O-O 9. Qc2 Nbd7 10. Nd2 Bxg2 11. Kxg2 e5 12. e4 c5 13. Nf3 cxd4 14. cxd4 Rc8 15.
Qb3 Nxe4 16. Re1 Nef6 17. dxe5 dxe5 18. Nxe5 Nc5 19. Qf3 Re8 20. Bb2 Re6 21. Ng4 Nxg4 22. Qxg4 Rg6 23. Qf3 Rd6 24. Rad1 f6 25. Rxd6 Qxd6 26.
Rd1 Qe6 27. Rd5 Kf7 28. Qd1 Qe4+ 29. Kg1 Qxc4 30. a3 Re8 31. Qh5+ Kf8 32. Rd1 Qe2 33. Qxe2 Rxe2 34. Bd4 Ne6 35. Be3 Ke7 36. a4 Ra2 37. a5 Rxa5 38. Rb1 f5 39. Rd1 Ra2 40.
Bd2 Rc2 41. Bb4+ Kf6 42. Rd6 Re2 43. Rd7 a5 44. Bc3+ Kg6 45. Rd6 b5 46. Bxa5 Kf7 47. Rb6 Re5 48. Bb4 Rd5 49. Bc3 g6 50. Bb4 g5 51. Kg2 1-0

[Event "*** Titled Tuesday Blitz"]
[Site "Chess.com"]
[Date "2021.03.09"]
[Round "6"]
[White "atbenina64"]
[Black "RobertoJBM"]
[Result "0-1"]
[WhiteElo "2536"]
[BlackElo "2724"]
[TimeControl "180+1"]
[EndTime "11:11:34 PST"]
[Termination "RobertoJBM won by resignation"]

1. Nf3 d5 2. e3 Nf6 3. c4 c6 4. Nc3 a6 5. b3 Bg4 6. Be2 e6 7. Bb2 Nbd7 8. O-O Bd6 9. h3 Bh5 10. Qc2 Qe7 11. d3 O-O 12. e4 dxe4 13. dxe4 e5 14.
Nh4 Bxe2 15. Nf5 Qe6 16. Nxe2 Rfd8 17. Rad1 Bf8 18. f4 exf4 19. Rxf4 Ne5 20. Ned4 Qe8 21. Rdf1 Bc5 22. Kh1 Ng6 23. Nxg7 Qd7 24. Ndf5 Nxf4 25. Bxf6 Qd3 26. Qc1 Nxh3 27. Nh6+ Kf8 28. Bh4 Kxg7 29. Rxf7+ Kg6 30. Rf6+ Kg7 31. Rf7+ Kg6 32. Rf6+ Kh5 33. Rf5+ Kxh4 34. Rf4+ Kh5 35. Rh4+ Kg6 36. Rg4+ Kf6 37. e5+ Ke6 38. Rd4 Qxd4 39. Qf1 Qd1 40. Qxd1 Rxd1+ 41. Kh2 Ng5 42. Kg3 Bd4 43. Kg4 Bxe5 44. Kh5 Rf1 45.
Ng4 Bf4 46. Kh6 Bc1 47. Kg7 Nf7 48. Kxh7 Ne5 49. Kg7 Rg1 50. Ne3 Bxe3 0-1

[Event "*** Titled Tuesday Blitz"]
[Site "Chess.com"]
[Date "2021.03.09"]
[Round "6"]
[White "tandaleo"]
[Black "deribas12345"]
[Result "1-0"]
[WhiteElo "2359"]
[BlackElo "2535"]
[TimeControl "180+1"]
[EndTime "11:11:34 PST"]
[Termination "tandaleo won by checkmate"]

1. d4 Nf6 2. c4 c5 3. d5 b5 4.
cxb5 a6 5. bxa6 Bxa6 6. Nc3 d6 7.
e4 Bxf1 8. Kxf1 g6 9. Nf3 Qc8 10. a4 Bg7 11. Qe2 O-O 12. Bg5 Na6 13. Nd2 h6 14.
Be3 Nb4 15. f3 Nd7 16. Kf2 Nc2 17. Rac1 Nxe3 18. Kxe3 Bd4+ 19. Kd3 Qa6+ 20. Kc2 Qb7 21. Qb5 Qa7 22. Qb3 Bxc3 23. bxc3 Rfb8 24. Qa2 c4 25.
Rb1 Qf2 26. Rxb8+ Rxb8 27. Rb1 Ra8 28. Qxc4 Nc5 29. Ra1 Qxg2 30. a5 f5 31. a6 fxe4 32.
fxe4 Ra7 33. e5 Qg5 34. exd6 Qf5+ 35. Kd1 exd6 36. Qb5 Qh5+ 37. Kc1 Re7 38. a7 Qf5 39. a8=Q+ Kf7 40. Qf1 Nd3+ 41. Kb1 Nf4+ 42. Kb2 Qe4 43. Qxf4+ Qxf4 44. Rf1 Qxf1 45. Nxf1 Re2+ 46. Kb3 Re5 47. Ng3 Kf6 48. Qf8+ Kg5 49. h4+ Kxh4 50. Qf4+ Kh3 51.
Ne4 Rf5 52. Qg3# 1-0

[Event "*** Titled Tuesday Blitz"]
[Site "Chess.com"]
[Date "2021.03.09"]
[Round "6"]
[White "ViktoriyaTarasova"]
[Black "BigAl"]
[Result "1/2-1/2"]
[WhiteElo "2326"]
[BlackElo "2499"]
[TimeControl "180+1"]
[EndTime "11:11:34 PST"]
[Termination "Game drawn by repetition"]

1. d4 g6 2. c4 Bg7 3. e4 d6 4. Nc3 Nf6 5. h3 O-O 6. Be3 e5 7. d5 c6 8. g4 Na6 9. Qc2 cxd5 10. cxd5 Qa5 11. Qd2 Nc5 12. Bxc5 Qxc5 13. Rc1 Bd7 14.
Bd3 Rac8 15. Nge2 Qa5 16. O-O b5 17. a3 Qb6 18. Qe3 Qb8 19. Na2 h5 20. f3 Kh7 21.
Rxc8 Rxc8 22. Rc1 Rxc1+ 23. Qxc1 hxg4 24. hxg4 Kg8 25. Kg2 Nh7 26. Ng3 Qd8 27. Nb4 Qh4 28. Nc6 Bh6 29. Qh1 Qg5 30. Qd1 Qe3 31. Qe2 Qb6 32.
Bxb5 Bf4 33. Ne7+ Kf8 34. Bxd7 Kxe7 35. Bc6 Bxg3 36. Kxg3 Qg1+ 37. Qg2 Qc1 38. Qf2 Ng5 39. Kg2 Kf6 40. a4 a5 41. Bb5 Kg7 42. Qe2 Qb1 43.
Qf2 Qc1 44. Qe2 Qc5 45. Qd2 f6 46. Qf2 Qb4 47. Qa7+ Kh6 48. Qf2 Qb3 49. Qe2 Nf7 50. Qd2+ Kg7 51. Qf2 Qb4 52. Qe2 Nd8 53. Qc2 Nf7 54.
Qf2 Kh6 55. Qe3+ Ng5 56. Qf2 Qb3 57. Qe2 Qb4 58. Qf2 1/2-1/2

[Event "*** Titled Tuesday Blitz"]
[Site "Chess.com"]
[Date "2021.03.09"]
[Round "6"]
[White "AungTZ"]
[Black "Aslanov_Umid"]
[Result "0-1"]
[WhiteElo "2212"]
[BlackElo "2416"]
[TimeControl "180+1"]
[EndTime "11:11:34 PST"]
[Termination "Aslanov_Umid won by resignation"]

1. e4 c5 2. Nf3 d6 3. Bb5+ Bd7 4. Bxd7+ Qxd7 5. O-O Nf6 6. Re1 Nc6 7. c3 e6 8. d4 cxd4 9. cxd4 d5 10. e5 Ne4 11.
Nbd2 Nxd2 12. Bxd2 Be7 13. Rc1 O-O 14. h4 Rac8 15.
Qb3 f6 16. exf6 Bxf6 17. Qd3 Qf7 18. b4 Bxh4 19. b5 Ne7 20. Rxc8 Nxc8 21. Qe3 Bf6 22. Qxe6 Nb6 23. Bb4 Rd8 24. Bc5 Qxe6 25. Rxe6 Kf7 26. Bxb6 Kxe6 27. Bxd8 Bxd8 28. Kf1 Bf6 29. Ke2 Kd6 30.
Kd3 Kc7 31. Nd2 Kb6 32. a4 Ka5 33. Nb3+ Kxa4 34. Nc5+ Kxb5 35. Nxb7 a5 36. Nd6+ Kb4 37. Nf5 a4 38. Ne3 Kb3 39. Nxd5 a3 40. Nc3 a2 41.
Nxa2 Kxa2 42. Kc4 Kb2 43. f4 Kc2 44. g4 h6 45. d5 Kd2 46. d6 Ke3 47. f5 Kf4 48. Kd5 Kxg4 49. Ke6 h5 0-1

[Event "*** Titled Tuesday Blitz"]
[Site "Chess.com"]
[Date "2021.03.09"]
[Round "6"]
[White "Mazanchenko_Dmitry"]
[Black "ulkaf961"]
[Result "1-0"]
[WhiteElo "2165"]
[BlackElo "2382"]
[TimeControl "180+1"]
[EndTime "11:11:35 PST"]
[Termination "Mazanchenko_Dmitry won by resignation"]

1. e4 e6 2. d4 d5 3. Nc3 Nf6 4. Bg5 Be7 5. e5 Nfd7 6. h4 h6 7. Bxe7 Qxe7 8. Qg4 O-O 9. O-O-O a6 10. f4 c5 11. dxc5 Nc6 12. Rh3 f6 13. exf6 Qxf6 14. Nge2 Nxc5 15. Qf3 b5 16. Qe3 Na4 17. Nxa4 bxa4 18.
g4 e5 19. f5 d4 20. Qa3 e4 21. Nf4 Qe5 22. Bc4+ Kh7 23. Qxf8 Qxf4+ 24. Kb1 Bb7 25. Qf7 Rb8 26. Rf1 Qxg4 27. Rhh1 Ne5 28. Qc7 Nxc4 29.
Qxb8 Nd2+ 30. Ka1 Nxf1 31. Rxf1 Qe2 32. Rh1 Qg2 33. Qh2 e3 34. Qxg2 Bxg2 35. Rg1 Be4 36. Kb1 Bxf5 37. Kc1 g5 38. hxg5 hxg5 39. Rxg5 e2 40.
Rg1 Bh3 41. Re1 Bf1 42. Kd2 Kg6 43. Rxe2 Bxe2 44. Kxe2 Kf5 45. Kd3 Ke5 46. Kc4 Ke4 47.
Kb4 d3 48. cxd3+ Kxd3 49. Kxa4 Kc2 50. b4 Kc3 51. Ka5 Kc4 52. a4 Kb3 53. b5 axb5 54.
axb5 1-0

[Event "*** Titled Tuesday Blitz"]
[Site "Chess.com"]
[Date "2021.03.09"]
[Round "6"]
[White "Romadk"]
[Black "TimKett"]
[Result "0-1"]
[WhiteElo "2335"]
[BlackElo "2206"]
[TimeControl "180+1"]
[EndTime "11:11:35 PST"]
[Termination "TimKett won on time"]

1. d4 d5 2. Nf3 Nf6 3. g3 e6 4.
Bg2 c5 5. O-O cxd4 6. b3 Nc6 7.
Nxd4 Bc5 8. Bb2 O-O 9. Nxc6 bxc6 10. c4 Qe7 11. Qc2 Bb7 12. Rc1 Bb6 13. Ba3 c5 14.
cxd5 exd5 15. Bxc5 Bxc5 16. Qxc5 Qxc5 17. Rxc5 Rac8 18.
Rxc8 Rxc8 19. Na3 Ba6 20. Bf3 Ne4 21. Rd1 Nc3 22. Rd2 g6 23. e3 Bb7 24. Rc2 Kg7 25.
Kg2 Ne4 26. Rxc8 Bxc8 27. Nb5 a6 28. Nc7 Bb7 29. b4 Kf6 30. a4 Ke7 31. b5 a5 32. b6 Kd7 33. Nb5 Kc6 34. Be2 Kxb6 35. f3 Nc5 36. Nc3 Bc6 37. Bd1 Nd3 38. Bb3 Nb2 39.
Bxd5 Bxd5 40. Nxd5+ Kc5 41. Nf6 Nxa4 42. Nxh7 Nc3 43. Ng5 a4 44. Nxf7 a3 45. e4 a2 46.
e5 a1=Q 47. e6 Qb2+ 48. Kh3 Ne2 49. e7 Qb8 50. e8=Q Qxe8 51. Ng5 Qd7+ 0-1

[Event "*** Titled Tuesday Blitz"]
[Site "Chess.com"]
[Date "2021.03.09"]
[Round "6"]
[White "CarrotsandPizza"]
[Black "Love_craft"]
[Result "0-1"]
[WhiteElo "2396"]
[BlackElo "2549"]
[TimeControl "180+1"]
[EndTime "11:11:36 PST"]
[Termination "Love_craft won on time"]

1. e4 g6 2. d4 Bg7 3. Nc3 d6 4. f4 a6 5. Nf3 b5 6. e5 e6 7.
Bd3 Bb7 8. Ne4 Ne7 9. O-O Nf5 10. c3 h5 11. Bd2 Nd7 12. a4 O-O 13. Qe2 c5 14. axb5 axb5 15. Bxb5 cxd4 16. cxd4 dxe5 17.
fxe5 Nxe5 18. dxe5 Bxe4 19. Qxe4 Qb6+ 20. Kh1 Qxb5 21. Qxa8 Qxf1+ 22. Rxf1 Rxa8 23. b4 Ra2 24. Rb1 Bxe5 25. Nxe5 Rxd2 26. b5 Nd6 27. b6 Kg7 28. Kg1 Nb7 29. Rc1 Rb2 30. Rc7 Rxb6 31. Rxf7+ Kh6 32.
h4 Rb5 33. Nf3 Nd6 34. Rd7 Ne4 35. Kh2 Rb2 36. Re7 Rb6 37. Kh3 g5 38. g3 g4+ 39. Kg2 gxf3+ 40. Kxf3 Nf6 41. Kf4 Kg6 42. Ke5 Ng4+ 43. Kf4 Kf6 44. Rh7 Rb4+ 45. Kf3 Rb3+ 46. Kf4 e5+ 47. Ke4 Rb4+ 48. Kf3 e4+ 49. Kf4 e3+ 50.
Kf3 Kg6 51. Re7 Rb2 52. Re6+ Kf5 0-1

[Event "*** Titled Tuesday Blitz"]
[Site "Chess.com"]
[Date "2021.03.09"]
[Round "6"]
[White "GigaQuparadze"]
[Black "jacky72"]
[Result "1-0"]
[WhiteElo "2968"]
[BlackElo "2733"]
[TimeControl "180+1"]
[EndTime "11:11:37 PST"]
[Termination "GigaQuparadze won by resignation"]

1. e4 e5 2. Nf3 Nc6 3. Bb5 a6 4. Ba4 d6 5. c3 Bd7 6. d4 g6 7.
Bg5 f6 8. Be3 Bg7 9. Qd2 Nge7 10. Bh6 O-O 11. Bb3+ Kh8 12. h4 Na5 13. Bxg7+ Kxg7 14. h5 Nxb3 15. axb3 g5 16. dxe5 dxe5 17. Nxe5 fxe5 18.
Qxg5+ Kf7 19. Qxe5 Nc6 20. Qf4+ Kg8 21. Qg3+ Kh8 22. Nd2 Rg8 23. Qf4 Rf8 24. Qe3 Qf6 25.
Nf3 Bg4 26. Nd4 Rae8 27. f3 Be6 28. Nxc6 bxc6 29. b4 Bc4 30. O-O-O Rg8 31. g4 Rgf8 32. Rh3 Re5 33. Rd7 a5 34. Qd4 Be2 35. Rxc7 axb4 36.
Rxc6 Qxc6 37. Qxe5+ Qf6 38. Qxf6+ Rxf6 39. g5 Rxf3 40.
Rh2 Bd3 41. cxb4 Bxe4 42. Rh4 Bf5 43. Rd4 Kg7 44. Rd6 Rb3 45. h6+ Kf7 46. Rf6+ Ke7 47. Rxf5 Rxb4 48. Re5+ Kf7 49. Kc2 Kg6 50. b3 Rf4 51. Kc3 Rg4 52. b4 Rxg5 53. Rxg5+ Kxg5 54. b5 Kxh6 55. b6 Kg5 56. b7 h5 57. b8=Q h4 58. Kd2 Kg4 59. Ke2 h3 60. Kf1 Kf3 61. Qh2 Kg4 62.
Kf2 Kh4 63. Qg3+ Kh5 64. Qxh3+ 1-0

[Event "*** Titled Tuesday Blitz"]
[Site "Chess.com"]
[Date "2021.03.09"]
[Round "6"]
[White "esapunov"]
[Black "Meri-Arabidze"]
[Result "1/2-1/2"]
[WhiteElo "2738"]
[BlackElo "2577"]
[TimeControl "180+1"]
[EndTime "11:11:37 PST"]
[Termination "Game drawn by repetition"]

1. c4 e6 2. Nf3 d5 3. d4 Nf6 4.
Nc3 Nbd7 5. Bg5 h6 6. Bh4 Be7 7. e3 O-O 8. Rc1 c5 9. dxc5 Nxc5 10. cxd5 exd5 11. Bxf6 Bxf6 12. Nxd5 Ne4 13. Nxf6+ Qxf6 14. Qd4 Qg6 15. Ne5 Qf5 16. f3 Re8 17. Nd3 Ng5 18. Kf2 Be6 19. Rc5 Qg6 20. Be2 Rad8 21. Qc3 b6 22.
Nf4 Qh7 23. Rc7 Bxa2 24. Bd3 Qh8 25. Rxa7 Bd5 26. Rd1 g6 27. Qxh8+ Kxh8 28. Bb5 Bb3 29. Rxd8 Rxd8 30. Ke2 Kg8 31. h4 Ne6 32. Nxe6 Bxe6 33.
e4 Rc8 34. Kd2 Bb3 35. Bd3 h5 36. Rb7 Rc6 37. f4 Kg7 38. g3 Kf6 39. Ke3 Be6 40.
e5+ Kg7 41. Kd4 Kf8 42. Be4 Rc4+ 43. Ke3 Rb4 44. Bd3 Rxb2 45. Kd4 Rb4+ 46. Kc3 Rb3+ 47. Kd4 Rb4+ 48. Kc3 Rb3+ 49. Kd2 Rb2+ 50. Ke3 Rb3 51. Kd4 Rb4+ 1/2-1/2

[Event "*** Titled Tuesday Blitz"]
[Site "Chess.com"]
[Date "2021.03.09"]
[Round "6"]
[White "VladimirBugayev"]
[Black "WiktoriaPOL"]
[Result "0-1"]
[WhiteElo "2261"]
[BlackElo "2080"]
[TimeControl "180+1"]
[EndTime "11:11:38 PST"]
[Termination "WiktoriaPOL won on time"]

1. e4 c5 2. Nc3 Nc6 3. Bb5 Nd4 4. Nf3 g6 5. Nxd4 cxd4 6. Ne2 Bg7 7. O-O a6 8. Ba4 b5 9. Bb3 Bb7 10. d3 e6 11. a4 b4 12. a5 Ne7 13. f3 d5 14.
Qe1 O-O 15. Qxb4 Rb8 16. Bf4 e5 17. Bg5 Re8 18. Qd2 f6 19. Bh6 Bxh6 20. Qxh6 Qd6 21.
h4 Kh8 22. Qd2 f5 23. exd5 Bxd5 24. Ba4 Rec8 25. b3 Bc6 26. h5 Kg7 27. Kf2 Nd5 28. hxg6 hxg6 29. Qg5 Qf6 30. Qxf6+ Kxf6 31. Bxc6 Rxc6 32.
Rfc1 Rbc8 33. f4 Rxc2 34. fxe5+ Kxe5 35. Rxc2 Rxc2 36. Ke1 Rb2 37. Ra4 Rxb3 38. Nxd4 Rxd3 39. Nc6+ Kd6 40. Nb8 Nc7 41. Rc4 Rd5 42. Rc6+ Ke7 43.
Rxc7+ Kd8 44. Ra7 Kc8 45. Nc6 Rc5 46. Rxa6 Kb7 47. Rb6+ Kc7 48. Nd4 Rxa5 49. Rxg6 Ra1+ 50. Kf2 Ra4 51. Nf3 Kd7 52. Kg3 f4+ 53. Kg4 Ke7 54. Rb6 Kf7 0-1

[Event "*** Titled Tuesday Blitz"]
[Site "Chess.com"]
[Date "2021.03.09"]
[Round "6"]
[White "anon481216"]
[Black "Szparu"]
[Result "1-0"]
[WhiteElo "2532"]
[BlackElo "2645"]
[TimeControl "180+1"]
[EndTime "11:11:39 PST"]
[Termination "anon481216 won by checkmate"]

1. d4 Nf6 2. c4 c5 3. d5 e6 4.
Nc3 exd5 5. cxd5 d6 6. Nf3 g6 7. g3 Bg7 8. Bg2 O-O 9. O-O a6 10.
a4 Nbd7 11. h3 Rb8 12. a5 b5 13. axb6 Rxb6 14. Nd2 Rb4 15. Qc2 Re8 16. e4 Nh5 17.
Kh2 a5 18. f4 Ba6 19. Re1 f5 20. Nf3 Bxc3 21. Qxc3 fxe4 22. Ng5 Nhf6 23. Ne6 Qb6 24. g4 a4 25. Ra3 Rd4 26. Nxd4 cxd4 27. Qc6 Qxc6 28.
dxc6 Nc5 29. f5 Nd5 30. Bh6 Nb4 31. Rd1 Nxc6 32. Bf4 d5 33. Bd6 Nd3 34. Rxa4 Bc4 35. b4 Nb2 36. Raa1 Nxd1 37. Rxd1 e3 38. Kg3 e2 39.
Ra1 e1=Q+ 40. Rxe1 Rxe1 41. b5 Nd8 42. b6 Rb1 43.
Bc7 Nb7 44. f6 Rb3+ 45. Kf4 Kf7 46. g5 Nc5 47. Ke5 Nd7+ 48. Kd6 Nxb6 49. h4 Nc8+ 50.
Kd7 Na7 51. Bh3 Nb5 52. Be6+ Kf8 53. Bd8 Nd6 54. Be7# 1-0

[Event "*** Titled Tuesday Blitz"]
[Site "Chess.com"]
[Date "2021.03.09"]
[Round "6"]
[White "Nemsko"]
[Black "Frogo47"]
[Result "1/2-1/2"]
[WhiteElo "2305"]
[BlackElo "2539"]
[TimeControl "180+1"]
[EndTime "11:11:40 PST"]
[Termination "Game drawn - insufficient material"]

1. e4 c5 2. Nf3 d6 3. d4 cxd4 4.
Nxd4 Nf6 5. Nc3 a6 6. Be3 e5 7. Nb3 Be6 8. h3 Nbd7 9. Qf3 Rc8 10. O-O-O Rxc3 11. bxc3 Qc7 12. Kb2 Be7 13. g4 h6 14.
Bd3 d5 15. Rhg1 Nb6 16. Bxb6 Qxb6 17. exd5 Bxd5 18. Qe2 e4 19. Bc4 Bc6 20. Qe3 Qc7 21.
Be2 O-O 22. g5 hxg5 23. Qxg5 Ne8 24. Qe3 f5 25. Bc4+ Kh7 26. Qe2 g6 27. h4 Qf4 28. h5 g5 29. Bd5 Nf6 30. Bxc6 bxc6 31. Nd4 Qe5 32. Qc4 Rb8+ 33. Ka1 Qd5 34. Qxd5 Nxd5 35.
Nxf5 Bf6 36. Nd4 Nxc3 37. Rd2 Ne2 38. Rb1 Rxb1+ 39. Kxb1 Nxd4 40. c3 Nf3 41. Rd7+ Kh6 42. Rd6 Kg7 43. h6+ Kf7 44. h7 Bg7 45. Rd7+ Kg6 46.
Rd6+ Kxh7 47. Rxc6 g4 48. Kc2 e3 49. fxe3 g3 50. Rc4 g2 51. Rg4 g1=Q 52. Rxg1 Nxg1 53. Kb3 Kg6 54. c4 Ne2 55. Ka4 Kf5 56. Ka5 Ke4 57. Kxa6 Kxe3 58. Kb5 Bd4 59. a4 Nc3+ 60. Kb4 Nxa4 61. Kxa4 Ke4 62. Kb5 Ke5 63. c5 Bxc5 1/2-1/2

[Event "*** Titled Tuesday Blitz"]
[Site "Chess.com"]
[Date "2021.03.09"]
[Round "6"]
[White "Fiona"]
[Black "Vamostodorecto"]
[Result "1/2-1/2"]
[WhiteElo "2205"]
[BlackElo "2365"]
[TimeControl "180+1"]
[EndTime "11:11:40 PST"]
[Termination "Game drawn - insufficient material"]

1. e4 e5 2. Bc4 Nc6 3. d3 Nf6 4. Nc3 Be7 5. f4 d6 6. Nf3 O-O 7. f5 Na5 8. Bb3 Nxb3 9. axb3 d5 10. O-O Bc5+ 11. Kh1 dxe4 12. dxe4 Ng4 13. Qe2 c6 14. h3 Nf6 15. Bg5 Re8 16. Rad1 Qe7 17. Na4 Bb6 18. Nxb6 axb6 19. Qf2 Nxe4 20. Bxe7 Nxf2+ 21. Rxf2 Bxf5 22. Bb4 f6 23. c4 Be6 24. Rfd2 Ra2 25.
Bc3 Kf7 26. Rd3 e4 27. Rd8 Rxd8 28. Rxd8 exf3 29. gxf3 b5 30. Rb8 bxc4 31. Rxb7+ Kg6 32. b4 Bd5 33. Kg2 Ra1 34. h4 Rc1 35. h5+ Kxh5 36. Rxg7 Rc2+ 37. Kg3 h6 38. Ra7 Rc1 39. Ra5 Kg6 40. b5 cxb5 41. Rxb5 Rd1 42. Rb6 Rd3 43. Rxf6+ Kg5 44. Rf8 h5 45. Kf2 h4 46. Bf6+ Kh5 47.
Rh8+ Kg6 48. Bxh4 Rxf3+ 49. Ke2 Rb3 50. Rd8 Rxb2+ 51. Ke3 Rb3+ 52. Kf4 Rh3 53. Rxd5 Rxh4+ 54. Ke3 Rh3+ 55. Kd4 c3 56. Rc5 Kf6 57. Rxc3 Rxc3 58. Kxc3 1/2-1/2

[Event "*** Titled Tuesday Blitz"]
[Site "Chess.com"]
[Date "2021.03.09"]
[Round "6"]
[White "BJthechessgod"]
[Black "gatocorbis"]
[Result "1-0"]
[WhiteElo "2287"]
[BlackElo "2097"]
[TimeControl "180+1"]
[EndTime "11:11:41 PST"]
[Termination "BJthechessgod won on time"]

1. e4 c5 2. Nf3 d6 3. c3 Nf6 4.
Be2 g6 5. O-O Bg7 6. Re1 Nc6 7.
Bf1 O-O 8. d4 cxd4 9. cxd4 d5 10. e5 Ne4 11. Nc3 Nxc3 12. bxc3 Bg4 13. h3 Bxf3 14.
Qxf3 e6 15. Ba3 Re8 16. Bb5 Rc8 17. Bc5 a6 18. Ba4 Qa5 19. Bxc6 Rxc6 20. a4 Rec8 21. Reb1 Qc7 22. a5 Bf8 23. Bxf8 Kxf8 24. Qf6 Kg8 25. Ra3 h5 26. Rab3 Qxa5 27. Rxb7 R6c7 28. Rxc7 Qxc7 29. Rb3 a5 30. Kh2 a4 31. Ra3 Qd7 32. Qf3 Rb8 33.
Qd1 Ra8 34. Qb1 Qc6 35. Qb4 Rc8 36. Rxa4 Qxc3 37. Qe7 Qc7 38. Qf6 Qd7 39. Ra3 Qd8 40. Qf4 Qe7 41. Rf3 Rc4 42. Rb3 Kg7 43. Rb8 Rc7 44. Ra8 Rb7 45. Rc8 Ra7 46. Rb8 Qc7 47. Re8 Qd7 48. Rb8 Ra2 49. f3 Ra4 50. h4 Qe7 51.
Kh3 Ra1 52. Kh2 Ra2 53. Kg3 Ra4 54. Rc8 Qd7 55. Qf6+ 1-0

[Event "*** Titled Tuesday Blitz"]
[Site "Chess.com"]
[Date "2021.03.09"]
[Round "6"]
[White "Geller_Jakov"]
[Black "Balla_Tamas"]
[Result "1-0"]
[WhiteElo "2623"]
[BlackElo "2472"]
[TimeControl "180+1"]
[EndTime "11:11:42 PST"]
[Termination "Geller_Jakov won by resignation"]

1. e4 c5 2. Nf3 e6 3. d4 cxd4 4. Nxd4 a6 5. Bd3 Bc5 6. Nb3 Ba7 7. O-O d6 8. Qg4 Nf6 9. Qxg7 Rg8 10. Qh6 Rg6 11. Qh4 e5 12. Bg5 h6 13. Bxf6 Rxf6 14.
Nc3 Be6 15. Nd5 Rg6 16. Qxd8+ Kxd8 17. Rad1 Bh3 18. g3 Bxf1 19. Bxf1 Nc6 20. c3 Ne7 21.
Na5 Nxd5 22. Rxd5 Kc7 23. Bh3 Rf6 24. Bf5 h5 25. h4 Rd8 26. a4 Rg8 27. Kg2 Rd8 28.
Nc4 Rh6 29. a5 Rhh8 30. Kf3 Rhg8 31. Ke2 Rg7 32. Nd2 Bc5 33. Nf3 f6 34. b4 Ba7 35.
Nd2 b5 36. axb6+ Bxb6 37. Bh3 Kb7 38. Nc4 Bc7 39. Bg2 Rgd7 40. Bf3 Rh7 41. Ne3 Ra8 42. Nc4 Kc6 43. Ke1 Rb8 44. Bd1 Rd8 45. Ke2 Kb7 46. Ne3 Ra8 47. Nc4 Rd8 48. Kd3 Kc6 49. Ba4+ Kb7 50.
b5 axb5 51. Rxb5+ Ka7 52. Rb1 Rb8 53. Rd1 Kb7 54. Ne3 Ra8 55. Bb3 Ra3 56. Bd5+ Kc8 57. Nc4 Ra7 58. Rb1 Kd8 59. Ne3 Ra3 60. Rb7 Rd7 61.
Be6 Re7 62. Bd5 Rd7 63. Nc2 Ba5 64. Rxd7+ Kxd7 65. Nxa3 1-0

[Event "*** Titled Tuesday Blitz"]
[Site "Chess.com"]
[Date "2021.03.09"]
[Round "6"]
[White "MFBerna"]
[Black "TooOldTooSlow70"]
[Result "1-0"]
[WhiteElo "2382"]
[BlackElo "2492"]
[TimeControl "180+1"]
[EndTime "11:11:44 PST"]
[Termination "MFBerna won by resignation"]

1. e4 e5 2. Nf3 d6 3. d4 exd4 4. Nxd4 Nf6 5. Nc3 Be7 6. Bc4 O-O 7. O-O Nxe4 8. Nxe4 d5 9. Bd3 dxe4 10. Bxe4 Re8 11. Re1 Bf6 12. c3 c5 13. Qh5 Rxe4 14. Rxe4 cxd4 15. cxd4 g6 16. Qe2 Bd7 17. Bf4 Nc6 18. Rd1 Bf5 19. d5 Ne7 20. Rc4 Nxd5 21. Be5 Be6 22.
Rcd4 Bxe5 23. Qxe5 Qa5 24. Rxd5 Bxd5 25. Qxd5 Qxd5 26. Rxd5 Rc8 27. g3 Rc2 28. Rb5 b6 29. a4 h5 30. h4 Kg7 31. Kg2 Kf6 32. Kf3 Ke6 33. Ke3 Rc4 34. a5 Rc5 35. Rxc5 bxc5 36. Ke4 Kd6 37. f3 Kc6 38. Ke5 Kb5 39. Kf6 Kb4 40.
Kxf7 Kb3 41. Kxg6 Kxb2 42. g4 c4 43. gxh5 c3 44. h6 c2 45. h7 c1=Q 46. h8=Q+ Ka2 47.
Qg8+ Ka3 48. Qf8+ Ka4 49. Qe8+ Kxa5 50. Qd8+ Kb5 51. Qg5+ Qxg5+ 52. Kxg5 a5 53. h5 a4 54. h6 a3 55. h7 a2 56. h8=Q a1=Q 57. Qxa1 1-0